 Dungeon Crawl Stone Soup version 0.14-a0-1707-g75daffb (webtiles) character file.

7322 4tharraofdagon the Arsonist (level 11, -2/81 HPs)
             Began as a Naga Fire Elementalist on Jan 1, 2014.
             Was an Elder of Cheibriados.
             Slain by a yak (11 damage)
             ... on Level 3 of the Lair of Beasts.
             The game lasted 00:35:26 (4474 turns).

4tharraofdagon the Arsonist (NaFE)                  Turns: 4474, Time: 00:35:26

HP  -2/81        AC  5     Str 21      XL: 11   Next:  9%
MP  10/25        EV 10     Int 28      God: Cheibriados [****..]
Gold 269         SH 12     Dex 22      Spells:  4 memorised,  9 levels left

rFire  + + .     SeeInvis +     k - +2,+3 morningstar (freeze)
rCold  + + .     Clarity  .     s - +1 orc robe {rF+}
rNeg   . . .     Conserve .     E - +0 buckler {rC+}
rPois  +         rCorr    .     p - +0 cap {rC+}
rElec  .         rRot     .     (no cloak)
SustAb . .       Spirit   .     (no gloves)
rMut   .         Warding  .     (no barding)
Saprov . . .     Stasis   .     (no amulet)
                                (no ring)
                                B - ring of protection from fire

@: about to teleport, very slow, somewhat resistant to hostile enchantments,
quite stealthy
A: spit poison, see invisible, deformed body, poison resistance, slowness 2, AC
+3
a: Spit Poison, Bend Time, Temporal Distortion, Slouch, Renounce Religion


You were on level 3 of the Lair of Beasts.
You worshipped Cheibriados.
Cheibriados was greatly pleased with you.
You were hungry.

You visited 3 branches of the dungeon, and saw 12 of its levels.
You also visited: Sewer and Ice Cave.

You collected 269 gold pieces.

Inventory:

Hand weapons
 e - a +0,+0 short sword
 h - a +0,+2 orcish falchion
 k - a +2,+3 morningstar of freezing (weapon)
 n - a +1,+2 elven cutlass of speed
Missiles
 l - an exploding dart (quivered)
Armour
 p - a +0 cap of cold resistance (worn)
 s - a +1 orcish robe of fire resistance (worn)
 E - a +0 buckler of cold resistance (worn)
Magical devices
 f - a wand of fire (0)
 q - a wand of polymorph (8)
 r - a wand of fire (0)
 z - a wand of teleportation (0)
 A - a wand of enslavement (10)
 C - a wand of digging (7)
 K - a wand of lightning (5)
Comestibles
 c - 6 bread rations
 d - 3 meat rations
 g - 2 rotting chunks of hound flesh
Scrolls
 j - a scroll of magic mapping {unknown}
 m - a scroll of curse armour {unknown}
 o - 2 scrolls of enchant weapon II {unknown}
 u - 2 scrolls of immolation {unknown}
 v - a scroll of noise {unknown}
 x - a scroll of recharging {unknown}
 y - a scroll of blinking {unknown}
 F - a scroll of amnesia
 G - a scroll of enchant weapon I
 H - a scroll of curse weapon
Jewellery
 B - a ring of protection from fire (left hand)
 J - an uncursed ring of teleportation
Potions
 i - a potion of resistance
 t - a potion of confusion
Books
 b - a book of Flames

   Spells                             Type                      Level
   *Flame Tongue                      Conjuration/Fire             1
   Throw Flame                        Conjuration/Fire             2
   *Conjure Flame                     Conjuration/Fire             3
   Inner Flame                        Hexes/Fire                   3
   *Sticky Flame                      Conjuration/Fire             4
   *Fireball                          Conjuration/Fire             5
 w - a book of Cantrips

   Spells                             Type                      Level
   Confusing Touch                    Hexes                        1
   Animate Skeleton                   Necromancy                   1
   Summon Small Mammal                Summoning                    1
   Apportation                        Translocation                1


   Skills:
 - Level 1.5 Dodging
 - Level 3.0 Stealth
 - Level 3.5 Shields
 + Level 6.4 Spellcasting
 * Level 9.8 Conjurations
 * Level 10.2 Fire Magic
 + Level 5.2 Invocations


You had 9 spell levels left.
You knew the following spells:

 Your Spells              Type           Power        Failure   Level  Hunger
a - Flame Tongue          Conj/Fire      #####        1%          1    None
b - Conjure Flame         Conj/Fire      ######..     1%          3    None
c - Sticky Flame          Conj/Fire      ######..     1%          4    ###....
d - Fireball              Conj/Fire      ######....   2%          5    ####...


Dungeon Overview and Level Annotations

Branches:
Dungeon (8/16)             Temple (1/1) D:6            Lair (3/8) D:8
  Swamp: Lair:3-6    Shoals: Lair:3-6     Snake: Lair:3-6    Spider: Lair:3-6

Altars:
Ashenzari
Cheibriados
Elyvilon
Kikubaaqudgha
Makhleb
Nemelex Xobeh
Okawaru
Sif Muna
Trog
Xom
Zin
the Shining One

Annotations:
D:5 exclusion: crimson imp


Innate Abilities, Weirdness & Mutations

You cannot wear boots.
You can spit poison.
Your serpentine skin is tough (AC +3).
You have supernaturally acute eyesight.
Armour fits poorly on your strangely shaped body.
Your system is resistant to poisons.
You cover ground very slowly.


Message History

As you read the scroll of teleportation, it crumbles to dust.
You feel strangely unstable. The yak closely misses you. The yak gores you!
* * * LOW HITPOINT WARNING * * *
The yak closely misses you.
Unknown command.
Use which ability? (? or * to list)
Okay, then.
Use which ability? (? or * to list)
The flow of time bends around you.
Cheibriados rebukes the yak.
The yak seems to slow down.
Cheibriados rebukes the yak.
The yak seems to slow down.
The yak resists.
Cheibriados rebukes the yak.
The yak seems to slow down.
Cheibriados rebukes the jackal.
The jackal seems to slow down.
You are feeling hungry.
You block the jackal's attack. The yak misses you. The yak gores you!
You die...

###.......#
#...#.....f
####.....#..
#######.#..##.....
####..P........#.....
#....P.P###..........
##.......####..#......
#...Y..........##.##..
#..Y@h...#.P.##.#####
....s..YYh....... ## #
..##........P.. #
#...........
#..####.P... #.. ..##
## #..Y.. ## #. ####.
#.......####. #ff..
........... ..ff.


You could see 4 yaks, a giant centipede and 2 jackals.

Vanquished Creatures
  A hill giant (D:8)
  2 ice statues (IceCv)
  2 spiny frogs (Lair:3)
  A blue devil (IceCv)
  A wandering mushroom (D:8)
  11 yaks
  A hungry ghost (D:7)
  2 hippogriffs (Lair:1)
  A manticore (D:8)
  3 ice beasts
  A sky beast (D:6)
  A phantom (D:8)
  2 ogres
  Sigmund (D:6)
  A crocodile (D:6)
  Blork the orc (D:6)
  2 giant frogs
  An agate snail (Lair:1)
  A manticore skeleton (D:6)
  A hippogriff zombie (D:6)
  5 killer bees
  A goliath beetle (D:8)
  4 wights (D:6)
  2 jellies
  3 crimson imps
  5 hounds
  A centaur zombie (D:5)
  An orc priest (D:5)
  An iguana (D:5)
  An orc wizard (D:6)
  2 worker ants
  A hound skeleton (D:5)
  8 gnolls
  24 green rats
  7 adders
  A shadow imp (D:6)
  5 white imps (IceCv)
  2 worms
  3 giant mites (D:4)
  6 ufetubi (IceCv)
  An iguana zombie (D:5)
  2 adder skeletons (D:5)
  8 giant geckos
  An ooze (D:1)
  12 orcs
  3 giant cockroaches (D:4)
  A gnoll skeleton (D:4)
  4 hobgoblins
  16 jackals
  3 quokkas
  3 ball pythons
  7 bats
  2 giant newts
  9 goblins
  6 kobolds
  A kobold skeleton (D:4)
  An orc skeleton (D:5)
  5 rats
  A fungus (D:8)
206 creatures vanquished.

Vanquished Creatures (collateral kills)
  A gnoll (D:8)
  A giant centipede (D:8)
2 creatures vanquished.

Vanquished Creatures (others)
  A gnoll (D:8)
  2 white imps (IceCv)
  2 ufetubi (IceCv)
  A plant (Lair:2)
6 creatures vanquished.

Grand Total: 214 creatures vanquished

Notes
Turn   | Place    | Note
--------------------------------------------------------------
     0 | D:1      | 4tharraofdagon, the Naga Fire Elementalist, began the quest for the Orb.
     0 | D:1      | Reached XP level 1. HP: 15/15 MP: 3/3
   120 | D:1      | Reached XP level 2. HP: 16/22 MP: 2/4
   374 | D:2      | Reached XP level 3. HP: 11/28 MP: 3/6
   379 | D:2      | Learned a level 3 spell: Conjure Flame
   516 | D:5      | Entered Level 5 of the Dungeon
   580 | D:5      | Found a burning altar of Makhleb.
   580 | D:5      | Noticed a green death
   592 | D:5      | Reached XP level 4. HP: 14/36 MP: 2/7
   603 | D:5      | Noticed a phantom
   633 | D:6      | Reached skill level 4 in Fire Magic
   634 | D:6      | HP: 1/36 [crimson imp (3)]
   635 | D:6      | Reached skill level 1 in Shields
   635 | D:6      | Reached XP level 5. HP: 1/42 MP: 1/9
   663 | D:6      | Learned a level 4 spell: Sticky Flame
   791 | D:6      | Reached XP level 6. HP: 18/49 MP: 8/11
   918 | D:5      | Noticed an ice beast
   968 | D:6      | Noticed Blork the orc
  1053 | D:5      | Killed an ice beast
  1053 | D:5      | Reached skill level 5 in Fire Magic
  1070 | D:5      | Reached XP level 7. HP: 43/55 MP: 5/14
  1362 | D:4      | Found a glowing drain.
  1388 | Sewer    | Entered a sewer
  1444 | D:4      | Paralysed by a potion of paralysis for 7 turns
  1743 | D:6      | Reached skill level 5 in Conjurations
  1755 | D:6      | Learned a level 5 spell: Fireball
  1799 | D:6      | Killed Blork the orc
  1802 | D:6      | Reached skill level 6 in Fire Magic
  1802 | D:6      | Reached XP level 8. HP: 39/62 MP: 5/17
  1850 | D:6      | Found a staircase to the Ecumenical Temple.
  1850 | D:6      | Noticed Sigmund
  1857 | D:6      | Killed Sigmund
  1870 | Temple   | Entered the Ecumenical Temple
  1899 | Temple   | Became a worshipper of Cheibriados the Contemplative
  2037 | D:6      | Noticed an ogre
  2045 | D:6      | Killed an ogre
  2352 | D:7      | Reached skill level 7 in Fire Magic
  2398 | D:7      | Reached XP level 9. HP: 49/68 MP: 11/20
  2570 | D:8      | Noticed a hill giant
  2579 | D:8      | Killed a hill giant
  2579 | D:8      | Reached skill level 5 in Spellcasting
  2579 | D:8      | Reached skill level 1 in Invocations
  2628 | D:8      | Reached skill level 8 in Fire Magic
  2683 | D:8      | Noticed a wandering mushroom
  2732 | D:8      | Killed a wandering mushroom
  2799 | D:8      | Found a staircase to the Lair.
  2822 | Lair:1   | Entered Level 1 of the Lair of Beasts
  3027 | Lair:1   | Reached XP level 10. HP: 73/75 MP: 13/22
  3154 | Lair:1   | Found a frozen archway.
  3161 | IceCv    | Entered an ice cave
  3344 | IceCv    | Acquired Cheibriados' first power
  3389 | IceCv    | Noticed an ice statue
  3389 | IceCv    | Noticed an ice statue
  3467 | IceCv    | Killed an ice statue
  3467 | IceCv    | Reached skill level 9 in Fire Magic
  3553 | IceCv    | Killed an ice statue
  3982 | Lair:2   | Acquired Cheibriados' second power
  4203 | Lair:2   | Noticed a fire drake
  4333 | Lair:3   | Reached skill level 10 in Fire Magic
  4333 | Lair:3   | Reached skill level 5 in Invocations
  4333 | Lair:3   | Reached XP level 11. HP: 28/81 MP: 5/25
  4474 | Lair:3   | Slain by a yak

Action                   |  1- 3 |  4- 6 |  7- 9 | 10-12 || total
-------------------------+-------+-------+-------+-------++-------
Melee: Unarmed           |     3 |       |       |       ||     3
       Short sword       |     4 |       |       |       ||     4
       Falchion          |     6 |    21 |       |       ||    27
       Cutlass           |       |     4 |    41 |       ||    45
       Morningstar       |       |       |    71 |    83 ||   154
 Cast: Flame Tongue      |    19 |    22 |   114 |    29 ||   184
       Conjure Flame     |     2 |     4 |    19 |     9 ||    34
       Sticky Flame      |       |       |    12 |    21 ||    33
       Fireball          |       |       |       |    12 ||    12
Invok: Bend Time         |       |       |       |     1 ||     1
 Abil: Spit Poison       |    17 |     7 |    36 |     5 ||    65
Evoke: Wand              |       |     1 |    20 |     1 ||    22
  Use: Potion            |     3 |     2 |     2 |     3 ||    10
       Scroll            |       |     2 |     4 |     6 ||    12
 Stab: Sleeping          |     1 |       |     1 |       ||     2
